Workbook

Sheet WHT
A1: 12
C2: WITHHOLDING TAX SCHEDULE
A5: S/N | B5: Beneficiary Name | C5: Beneficiary Type | D5: Beneficiary Type Number | E5: Transaction Date | F5: Transaction Description | G5: Transaction Amount | H5: TransactionType | I5: Recipient Type | J5: Resident Type | K5: WHT Amount | L5: Rate
A6: 1 | K6: =IF(OR(G6="",H6="",I6="",J6=""),"",IFERROR( (INDEX(config!$K$2:$K$100, MATCH(TRIM(H6)&"|"&TRIM(I6)&"|"&TRIM(J6), config!$L$2:$L$100, 0)) * G6 / 100) * IF(C6<>"TAX ID", 2, 1), "" )) | L6: =IF(OR(G6="",H6="",I6="",J6=""),"",IFERROR( INDEX(config!$K$2:$K$100, MATCH(TRIM(H6)&"|"&TRIM(I6)&"|"&TRIM(J6), config!$L$2:$L$100, 0)) * IF(C6<>"TAX ID", 2, 1) & "%", "" ))
A7: 2 | K7: =IF(OR(G7="",H7="",I7="",J7=""),"",IFERROR( (INDEX(config!$K$2:$K$100, MATCH(TRIM(H7)&"|"&TRIM(I7)&"|"&TRIM(J7), config!$L$2:$L$100, 0)) * G7 / 100) * IF(C7<>"TAX ID", 2, 1), "" )) | L7: =IF(OR(G7="",H7="",I7="",J7=""),"",IFERROR( INDEX(config!$K$2:$K$100, MATCH(TRIM(H7)&"|"&TRIM(I7)&"|"&TRIM(J7), config!$L$2:$L$100, 0)) * IF(C7<>"TAX ID", 2, 1) & "%", "" ))
A8: 3 | K8: =IF(OR(G8="",H8="",I8="",J8=""),"",IFERROR( (INDEX(config!$K$2:$K$100, MATCH(TRIM(H8)&"|"&TRIM(I8)&"|"&TRIM(J8), config!$L$2:$L$100, 0)) * G8 / 100) * IF(C8<>"TAX ID", 2, 1), "" )) | L8: =IF(OR(G8="",H8="",I8="",J8=""),"",IFERROR( INDEX(config!$K$2:$K$100, MATCH(TRIM(H8)&"|"&TRIM(I8)&"|"&TRIM(J8), config!$L$2:$L$100, 0)) * IF(C8<>"TAX ID", 2, 1) & "%", "" ))
A9: 4 | K9: =IF(OR(G9="",H9="",I9="",J9=""),"",IFERROR( (INDEX(config!$K$2:$K$100, MATCH(TRIM(H9)&"|"&TRIM(I9)&"|"&TRIM(J9), config!$L$2:$L$100, 0)) * G9 / 100) * IF(C9<>"TAX ID", 2, 1), "" )) | L9: =IF(OR(G9="",H9="",I9="",J9=""),"",IFERROR( INDEX(config!$K$2:$K$100, MATCH(TRIM(H9)&"|"&TRIM(I9)&"|"&TRIM(J9), config!$L$2:$L$100, 0)) * IF(C9<>"TAX ID", 2, 1) & "%", "" ))
A10: 5 | K10: =IF(OR(G10="",H10="",I10="",J10=""),"",IFERROR( (INDEX(config!$K$2:$K$100, MATCH(TRIM(H10)&"|"&TRIM(I10)&"|"&TRIM(J10), config!$L$2:$L$100, 0)) * G10 / 100) * IF(C10<>"TAX ID", 2, 1), "" )) | L10: =IF(OR(G10="",H10="",I10="",J10=""),"",IFERROR( INDEX(config!$K$2:$K$100, MATCH(TRIM(H10)&"|"&TRIM(I10)&"|"&TRIM(J10), config!$L$2:$L$100, 0)) * IF(C10<>"TAX ID", 2, 1) & "%", "" ))
A11: 6 | K11: =IF(OR(G11="",H11="",I11="",J11=""),"",IFERROR( (INDEX(config!$K$2:$K$100, MATCH(TRIM(H11)&"|"&TRIM(I11)&"|"&TRIM(J11), config!$L$2:$L$100, 0)) * G11 / 100) * IF(C11<>"TAX ID", 2, 1), "" )) | L11: =IF(OR(G11="",H11="",I11="",J11=""),"",IFERROR( INDEX(config!$K$2:$K$100, MATCH(TRIM(H11)&"|"&TRIM(I11)&"|"&TRIM(J11), config!$L$2:$L$100, 0)) * IF(C11<>"TAX ID", 2, 1) & "%", "" ))
A12: 7 | K12: =IF(OR(G12="",H12="",I12="",J12=""),"",IFERROR( (INDEX(config!$K$2:$K$100, MATCH(TRIM(H12)&"|"&TRIM(I12)&"|"&TRIM(J12), config!$L$2:$L$100, 0)) * G12 / 100) * IF(C12<>"TAX ID", 2, 1), "" )) | L12: =IF(OR(G12="",H12="",I12="",J12=""),"",IFERROR( INDEX(config!$K$2:$K$100, MATCH(TRIM(H12)&"|"&TRIM(I12)&"|"&TRIM(J12), config!$L$2:$L$100, 0)) * IF(C12<>"TAX ID", 2, 1) & "%", "" ))
A13: 8 | K13: =IF(OR(G13="",H13="",I13="",J13=""),"",IFERROR( (INDEX(config!$K$2:$K$100, MATCH(TRIM(H13)&"|"&TRIM(I13)&"|"&TRIM(J13), config!$L$2:$L$100, 0)) * G13 / 100) * IF(C13<>"TAX ID", 2, 1), "" )) | L13: =IF(OR(G13="",H13="",I13="",J13=""),"",IFERROR( INDEX(config!$K$2:$K$100, MATCH(TRIM(H13)&"|"&TRIM(I13)&"|"&TRIM(J13), config!$L$2:$L$100, 0)) * IF(C13<>"TAX ID", 2, 1) & "%", "" ))
A14: 9 | K14: =IF(OR(G14="",H14="",I14="",J14=""),"",IFERROR( (INDEX(config!$K$2:$K$100, MATCH(TRIM(H14)&"|"&TRIM(I14)&"|"&TRIM(J14), config!$L$2:$L$100, 0)) * G14 / 100) * IF(C14<>"TAX ID", 2, 1), "" )) | L14: =IF(OR(G14="",H14="",I14="",J14=""),"",IFERROR( INDEX(config!$K$2:$K$100, MATCH(TRIM(H14)&"|"&TRIM(I14)&"|"&TRIM(J14), config!$L$2:$L$100, 0)) * IF(C14<>"TAX ID", 2, 1) & "%", "" ))
A15: 10 | K15: =IF(OR(G15="",H15="",I15="",J15=""),"",IFERROR( (INDEX(config!$K$2:$K$100, MATCH(TRIM(H15)&"|"&TRIM(I15)&"|"&TRIM(J15), config!$L$2:$L$100, 0)) * G15 / 100) * IF(C15<>"TAX ID", 2, 1), "" )) | L15: =IF(OR(G15="",H15="",I15="",J15=""),"",IFERROR( INDEX(config!$K$2:$K$100, MATCH(TRIM(H15)&"|"&TRIM(I15)&"|"&TRIM(J15), config!$L$2:$L$100, 0)) * IF(C15<>"TAX ID", 2, 1) & "%", "" ))
A16: 11 | K16: =IF(OR(G16="",H16="",I16="",J16=""),"",IFERROR( (INDEX(config!$K$2:$K$100, MATCH(TRIM(H16)&"|"&TRIM(I16)&"|"&TRIM(J16), config!$L$2:$L$100, 0)) * G16 / 100) * IF(C16<>"TAX ID", 2, 1), "" )) | L16: =IF(OR(G16="",H16="",I16="",J16=""),"",IFERROR( INDEX(config!$K$2:$K$100, MATCH(TRIM(H16)&"|"&TRIM(I16)&"|"&TRIM(J16), config!$L$2:$L$100, 0)) * IF(C16<>"TAX ID", 2, 1) & "%", "" ))
A17: 12 | K17: =IF(OR(G17="",H17="",I17="",J17=""),"",IFERROR( (INDEX(config!$K$2:$K$100, MATCH(TRIM(H17)&"|"&TRIM(I17)&"|"&TRIM(J17), config!$L$2:$L$100, 0)) * G17 / 100) * IF(C17<>"TAX ID", 2, 1), "" )) | L17: =IF(OR(G17="",H17="",I17="",J17=""),"",IFERROR( INDEX(config!$K$2:$K$100, MATCH(TRIM(H17)&"|"&TRIM(I17)&"|"&TRIM(J17), config!$L$2:$L$100, 0)) * IF(C17<>"TAX ID", 2, 1) & "%", "" ))
... A135: 130 | K135: =IF(OR(G135="",H135="",I135="",J135=""),"",IFERROR( (INDEX(config!$K$2:$K$100, MATCH(TRIM(H135)&"|"&TRIM(I135)&"|"&TRIM(J135), config!$L$2:$L$100, 0)) * G135 / 100) * IF(C135<>"TAX ID", 2, 1), "" )) | L135: =IF(OR(G135="",H135="",I135="",J135=""),"",IFERROR( INDEX(config!$K$2:$K$100, MATCH(TRIM(H135)&"|"&TRIM(I135)&"|"&TRIM(J135), config!$L$2:$L$100, 0)) * IF(C135<>"TAX ID", 2, 1) & "%", "" ))

Sheet config
B1: rule | D1: recipient_type | E1: resident_type | H1: TransactionType | I1: RecipientType | J1: ResidentType | K1: Rate | L1: helper | P1: type
B2: DIVIDENDS | D2: CORPORATE | E2: RESIDENT | H2: DIVIDENDS | I2: CORPORATE | J2: RESIDENT | K2: 10 | L2: =H2&"|"&I2&"|"&J2 -> DIVIDENDS|CORPORATE|RESIDENT | P2: TAX ID
B3: ROYALTY | D3: NON-CORPORATE | E3: NON_RESIDENT | H3: ROYALTY | I3: CORPORATE | J3: RESIDENT | K3: 10 | L3: =H3&"|"&I3&"|"&J3 -> ROYALTY|CORPORATE|RESIDENT | P3: RC
B4: RENT_HIRE_OR_LEASE_AND_INTEREST | H4: RENT_HIRE_OR_LEASE_AND_INTEREST | I4: CORPORATE | J4: RESIDENT | K4: 10 | L4: =H4&"|"&I4&"|"&J4 -> RENT_HIRE_OR_LEASE_AND_INTEREST|CORPORATE|RESIDENT | P4: NIN
B5: COMMISSION_CONSULTANCY_TECHNICAL_MANAGEMENT_AND_PROFESSIONAL_FEES | H5: COMMISSION_CONSULTANCY_TECHNICAL_MANAGEMENT_AND_PROFESSIONAL_FEES | I5: CORPORATE | J5: RESIDENT | K5: 5 | L5: =H5&"|"&I5&"|"&J5 -> COMMISSION_CONSULTANCY_TECHNICAL_MANAGEMENT_AND_PROFESSIONAL_FEES|CORPORATE|RESIDENT
B6: SUPPLY_OF_GOODS_OR_MATERIALS_OTHER_THAN_BY_THE_MANUFACTURER_OR_PRODUCER | H6: SUPPLY_OF_GOODS_OR_MATERIALS_OTHER_THAN_BY_THE_MANUFACTURER_OR_PRODUCER | I6: CORPORATE | J6: RESIDENT | K6: 2 | L6: =H6&"|"&I6&"|"&J6 -> SUPPLY_OF_GOODS_OR_MATERIALS_OTHER_THAN_BY_THE_MANUFACTURER_OR_PRODUCER|CORPORATE|RESIDENT
B7: CO_LOCATION_AND_TELECOMMUNICATION_TOWER_SERVICES | H7: CO_LOCATION_AND_TELECOMMUNICATION_TOWER_SERVICES | I7: CORPORATE | J7: RESIDENT | K7: 2 | L7: =H7&"|"&I7&"|"&J7 -> CO_LOCATION_AND_TELECOMMUNICATION_TOWER_SERVICES|CORPORATE|RESIDENT
B8: SUPPLYING_OR_RENDERING_OF_SERVICES_OTHER_THAN_THOSE_SPECIFICALLY_LISTED_IN_THIS_SCHEDULE | H8: SUPPLYING_OR_RENDERING_OF_SERVICES_OTHER_THAN_THOSE_SPECIFICALLY_LISTED_IN_THIS_SCHEDULE | I8: CORPORATE | J8: RESIDENT | K8: 2 | L8: =H8&"|"&I8&"|"&J8 -> SUPPLYING_OR_RENDERING_OF_SERVICES_OTHER_THAN_THOSE_SPECIFICALLY_LISTED_IN_THIS_SCHEDULE|CORPORATE|RESIDENT
B9: CONSTRUCTION_ROADS_BRIDGES_BUILDING_AND_POWER_PLANTS | H9: CONSTRUCTION_ROADS_BRIDGES_BUILDING_AND_POWER_PLANTS | I9: CORPORATE | J9: RESIDENT | K9: 2 | L9: =H9&"|"&I9&"|"&J9 -> CONSTRUCTION_ROADS_BRIDGES_BUILDING_AND_POWER_PLANTS|CORPORATE|RESIDENT
B10: ANY_OTHER_FORM_OF_CONSTRUCTION_AND_RELATED_ACTIVITIES | H10: ANY_OTHER_FORM_OF_CONSTRUCTION_AND_RELATED_ACTIVITIES | I10: CORPORATE | J10: RESIDENT | K10: 5 | L10: =H10&"|"&I10&"|"&J10 -> ANY_OTHER_FORM_OF_CONSTRUCTION_AND_RELATED_ACTIVITIES|CORPORATE|RESIDENT
B11: BROKERAGE_FEE | H11: BROKERAGE_FEE | I11: CORPORATE | J11: RESIDENT | K11: 5 | L11: =H11&"|"&I11&"|"&J11 -> BROKERAGE_FEE|CORPORATE|RESIDENT
B12: DIRECTORS_FEES | H12: DIRECTORS_FEES | I12: CORPORATE | J12: RESIDENT | K12: 0 | L12: =H12&"|"&I12&"|"&J12 -> DIRECTORS_FEES|CORPORATE|RESIDENT
B13: COMPENSATION_FOR_LOSS_OF_EMPLOYMENT | H13: COMPENSATION_FOR_LOSS_OF_EMPLOYMENT | I13: CORPORATE | J13: RESIDENT | K13: 0 | L13: =H13&"|"&I13&"|"&J13 -> COMPENSATION_FOR_LOSS_OF_EMPLOYMENT|CORPORATE|RESIDENT
B14: ENTERTAINERS_AND_SPORT_PERSONS | H14: ENTERTAINERS_AND_SPORT_PERSONS | I14: CORPORATE | J14: RESIDENT | K14: 0 | L14: =H14&"|"&I14&"|"&J14 -> ENTERTAINERS_AND_SPORT_PERSONS|CORPORATE|RESIDENT
B15: WINNINGS_FROM_LOTTERY_GAMING_REALITY_SHOWS_ETC | H15: WINNINGS_FROM_LOTTERY_GAMING_REALITY_SHOWS_ETC | I15: CORPORATE | J15: RESIDENT | K15: 0 | L15: =H15&"|"&I15&"|"&J15 -> WINNINGS_FROM_LOTTERY_GAMING_REALITY_SHOWS_ETC|CORPORATE|RESIDENT
H16: DIVIDENDS | I16: CORPORATE | J16: NON_RESIDENT | K16: 10 | L16: =H16&"|"&I16&"|"&J16 -> DIVIDENDS|CORPORATE|NON_RESIDENT
H17: ROYALTY | I17: CORPORATE | J17: NON_RESIDENT | K17: 10 | L17: =H17&"|"&I17&"|"&J17 -> ROYALTY|CORPORATE|NON_RESIDENT
H18: RENT_HIRE_OR_LEASE_AND_INTEREST | I18: CORPORATE | J18: NON_RESIDENT | K18: 10 | L18: =H18&"|"&I18&"|"&J18 -> RENT_HIRE_OR_LEASE_AND_INTEREST|CORPORATE|NON_RESIDENT
H19: COMMISSION_CONSULTANCY_TECHNICAL_MANAGEMENT_AND_PROFESSIONAL_FEES | I19: CORPORATE | J19: NON_RESIDENT | K19: 10 | L19: =H19&"|"&I19&"|"&J19 -> COMMISSION_CONSULTANCY_TECHNICAL_MANAGEMENT_AND_PROFESSIONAL_FEES|CORPORATE|NON_RESIDENT
H20: SUPPLY_OF_GOODS_OR_MATERIALS_OTHER_THAN_BY_THE_MANUFACTURER_OR_PRODUCER | I20: CORPORATE | J20: NON_RESIDENT | K20: 0 | L20: =H20&"|"&I20&"|"&J20 -> SUPPLY_OF_GOODS_OR_MATERIALS_OTHER_THAN_BY_THE_MANUFACTURER_OR_PRODUCER|CORPORATE|NON_RESIDENT
H21: CO_LOCATION_AND_TELECOMMUNICATION_TOWER_SERVICES | I21: CORPORATE | J21: NON_RESIDENT | K21: 5 | L21: =H21&"|"&I21&"|"&J21 -> CO_LOCATION_AND_TELECOMMUNICATION_TOWER_SERVICES|CORPORATE|NON_RESIDENT
H22: SUPPLYING_OR_RENDERING_OF_SERVICES_OTHER_THAN_THOSE_SPECIFICALLY_LISTED_IN_THIS_SCHEDULE | I22: CORPORATE | J22: NON_RESIDENT | K22: 5 | L22: =H22&"|"&I22&"|"&J22 -> SUPPLYING_OR_RENDERING_OF_SERVICES_OTHER_THAN_THOSE_SPECIFICALLY_LISTED_IN_THIS_SCHEDULE|CORPORATE|NON_RESIDENT
H23: CONSTRUCTION_ROADS_BRIDGES_BUILDING_AND_POWER_PLANTS | I23: CORPORATE | J23: NON_RESIDENT | K23: 5 | L23: =H23&"|"&I23&"|"&J23 -> CONSTRUCTION_ROADS_BRIDGES_BUILDING_AND_POWER_PLANTS|CORPORATE|NON_RESIDENT
H24: ANY_OTHER_FORM_OF_CONSTRUCTION_AND_RELATED_ACTIVITIES | I24: CORPORATE | J24: NON_RESIDENT | K24: 10 | L24: =H24&"|"&I24&"|"&J24 -> ANY_OTHER_FORM_OF_CONSTRUCTION_AND_RELATED_ACTIVITIES|CORPORATE|NON_RESIDENT
H25: BROKERAGE_FEE | I25: CORPORATE | J25: NON_RESIDENT | K25: 10 | L25: =H25&"|"&I25&"|"&J25 -> BROKERAGE_FEE|CORPORATE|NON_RESIDENT
H26: DIRECTORS_FEES | I26: CORPORATE | J26: NON_RESIDENT | K26: 0 | L26: =H26&"|"&I26&"|"&J26 -> DIRECTORS_FEES|CORPORATE|NON_RESIDENT
H27: COMPENSATION_FOR_LOSS_OF_EMPLOYMENT | I27: CORPORATE | J27: NON_RESIDENT | K27: 0 | L27: =H27&"|"&I27&"|"&J27 -> COMPENSATION_FOR_LOSS_OF_EMPLOYMENT|CORPORATE|NON_RESIDENT
... H58: WINNINGS_FROM_LOTTERY_GAMING_REALITY_SHOWS_ETC | I58: NON-CORPORATE | J58: NON_RESIDENT | K58: 15 | L58: =H58&"|"&I58&"|"&J58 -> WINNINGS_FROM_LOTTERY_GAMING_REALITY_SHOWS_ETC|NON-CORPORATE|NON_RESIDENT
